 Dungeon Crawl Stone Soup version 0.28.0-62-gf88900778d (webtiles) character file.

Game seed: 8008198630026845582

55 cbfl8 the Ducker (level 3, 0/19 HPs)
             Began as a Spriggan Fighter on Oct 14, 2023.
             Constricted to death by a ball python (1 damage)
             ... on level 2 of the Dungeon.
             The game lasted 00:01:11 (2477 turns).

cbfl8 the Ducker (Spriggan Fighter)                 Turns: 2477, Time: 00:01:12

Health: 0/19       AC:  2    Str: 12    XL:     3   Next: 67%
Magic:  4/4        EV: 14    Int:  9    God:
Gold:   47         SH:  6    Dex: 16    Spells: 2/2 levels left

rFire   . . .      SeeInvis +   a - +0 rapier
rCold   . . .      Faith    .   c - +0 buckler
rNeg    . . .      Spirit   .   b - +0 robe
rPois   .          Reflect  .   (helmet restricted)
rElec   .          Harm     .   (no cloak)
rCorr   .          Rampage  .   (gloves unavailable)
Will    .....                   (boots unavailable)
Stlth   ++........              (no amulet)
HPRegen 0.06/turn               (no ring)
MPRegen 0.09/turn               (no ring)

@: constricted, very quick
A: very small, no large weapons, unfitting armour, see invisible, speed 3
a: no special abilities


You were on level 2 of the Dungeon.
You visited 1 branch of the dungeon, and saw 2 of its levels.

You collected 47 gold pieces.

Inventory:

Hand Weapons
 a - a +0 rapier (weapon)
Armour
 b - a +0 robe (worn)
 c - a +0 buckler (worn)
Scrolls
 e - a scroll of enchant weapon {unknown}
 f - a scroll of amnesia {unknown}
 g - 2 scrolls of identify {unknown}
 h - a scroll of teleportation {unknown}
Potions
 d - a potion of might
 i - 2 potions of resistance {unknown}


   Skills:
 + Level 2.6 Fighting
 + Level 2.7 Short Blades
 + Level 4.5 Dodging
 * Level 2.4 Stealth
 + Level 2.3 Shields
 * Level 1.4 Evocations


You had 2 spell levels left.
You didn't know any spells.
Your spell library was empty.

Dungeon Overview and Level Annotations

Branches:
Dungeon (2/15)

Altars:


Innate Abilities, Weirdness & Mutations

You are very small and have problems with some larger weapons.
You are too small for most types of armour.
You have supernaturally acute eyesight. (SInv)
You cover ground extremely quickly. (Speed+++)


Message History

The ball python is moderately wounded.
The ball python misses you. The ball python constricts you.
A ball python is nearby!
You closely miss the ball python.
The ball python bites you but does no damage.
The ball python constricts you. The ball python bites you.
The ball python constricts you.
A ball python is nearby!
You closely miss the ball python. You block the ball python's attack.
The ball python constricts you.
A ball python is nearby!
You closely miss the ball python. You block the ball python's attack.
The ball python constricts you.
A ball python is nearby!
You barely miss the ball python. The ball python bites you.
The ball python constricts you. The ball python barely misses you.
The ball python constricts you.
A ball python is nearby!
You are too injured to fight recklessly!
A ball python is nearby!
You are too injured to fight recklessly!
You hit the ball python.
The ball python is moderately wounded.
The ball python bites you. The ball python constricts you.
You barely miss the ball python.
The ball python is moderately wounded.
The ball python bites you but does no damage.
The ball python constricts you.
* * * LOW HITPOINT WARNING * * *
You block the ball python's attack. The ball python constricts you.
You hit the ball python but do no damage.
The ball python is moderately wounded.
The ball python barely misses you. The ball python constricts you.
* * * LOW HITPOINT WARNING * * *
You hit the ball python but do no damage.
The ball python is moderately wounded.
The ball python bites you.
* * * LOW HITPOINT WARNING * * *
The ball python constricts you.
You die...

##..#.###.#.#..#
....####.####.########
####.##.⌠.##..##.....#
#..##.##...##.....#
####....#.....##...>.###
........................
####...#.#....##.....###
####.#.#......##.....#
.....#..##....##@....#
.....#..##....#.S.......
....##..##.####.!.......
######...#. #.........
#.#.#. #......... .#.#
#......... #..?......
#.........


You could see a ball python.

Vanquished Creatures
  2 adders (D:2)
  A worm (D:2)
  3 endoplasms (D:1)
  2 giant cockroaches
  4 goblins (D:1)
  2 hobgoblins
  6 jackals (D:1)
  A quokka (D:2)
  2 ball pythons (D:1)
  3 frilled lizards (D:1)
  A kobold (D:1)
  4 rats (D:1)
31 creatures vanquished.

Notes
Turn   | Place    | Note
-------+----------+-------------------------------------------
     0 | D:1      | cbfl8 the Spriggan Fighter began the quest for the Orb.
     0 | D:1      | Reached XP level 1. HP: 11/11 MP: 2/2
    42 | D:1      | Reached skill level 1 in Stealth
    42 | D:1      | Reached XP level 2. HP: 2/16 MP: 3/3
   639 | D:1      | Reached skill level 1 in Evocations
  1190 | D:1      | Found a faded altar of an unknown god.
  1466 | D:1      | Reached XP level 3. HP: 18/19 MP: 4/4
  2477 | D:2      | Constricted to death by a ball python

Illustrated notes

Levels and vault maps discovered:
D:1:      dpeg_arrival_shelter, layout_basic,
          dreamdust_ecumenical_altar_hidden_monk_grotto
D:2:      layout_basic, grunt_ministairs_8, grunt_decor_mini_mirrors,
          amcnicky_mini_rare_corridor_liquid

Skill      XL: |  1  2  3 |
---------------+----------+-----
Stealth        | 1 2 |  2.4
Evocations     | 1 |  1.4
Fighting       | |  2.6
Short Blades   | |  2.7
Dodging        | |  4.5
Shields        | |  2.3

Action                   || total
-------------------------++-------
Melee: Rapier            ||   104
 Stab: Sleeping          ||     5
Armor: Robe              ||    10
Dodge: Dodged            ||    76
Block: Buckler           ||    39
